 Dungeon Crawl Stone Soup version 0.29-a0-284-gf9362112df (webtiles) character file.

Game seed: 16620334646518408217

32 being54 the Sneak (level 3, -2/28 HPs)
             Began as a Demonspawn Brigand on Mar 17, 2022.
             Slain by a gnoll
             ... wielding a +0 flail
              (8 damage)
             ... on level 2 of the Dungeon.
             The game lasted 00:01:35 (1429 turns).

being54 the Sneak (Demonspawn Brigand)              Turns: 1429, Time: 00:01:36

Health: -2/28      AC:  3    Str: 11    XL:     3   Next: 10%
Magic:  3/3        EV: 18    Int: 12    God:
Gold:   59         SH:  0    Dex: 16    Spells: 2/2 levels left

rFire   . . .      SeeInvis .   a - +2 dagger
rCold   . . .      Faith    .   (no shield)
rNeg    . . .      Spirit   .   b - +0 robe
rPois   .          Reflect  .   (no helmet)
rElec   .          Harm     .   c - +0 cloak
rCorr   .          Rampage  .   (no gloves)
Will    .....                   (no boots)
Stlth   +++.......              (no amulet)
HPRegen 0.09/turn               (no ring)
MPRegen 0.08/turn               (no ring)

@: agile
A: repulsion field 1, powered by pain 1
a: no special abilities


You were on level 2 of the Dungeon.
You visited 1 branch of the dungeon, and saw 2 of its levels.

You collected 59 gold pieces.

Inventory:

Hand Weapons
 a - a +2 dagger (weapon)
Missiles
 d - 11 poisoned darts (quivered)
 e - 3 curare-tipped darts
Armour
 b - a +0 robe (worn)
 c - a +0 cloak (worn)
Wands
 k - a wand of acid (10)
Scrolls
 f - a scroll of fog {unknown}
 h - 3 scrolls of summoning {unknown}
 i - a scroll of blinking {unknown}
 j - 2 scrolls of teleportation {unknown}
Potions
 g - a potion of ambrosia {unknown}


   Skills:
 + Level 2.4 Fighting
 + Level 2.0 Short Blades
 + Level 1.8 Throwing
 + Level 0.9 Dodging
 + Level 4.3 Stealth


You had 2 spell levels left.
You didn't know any spells.
Your spell library was empty.

Dungeon Overview and Level Annotations

Branches:
Dungeon (2/15)

Altars:

Shops:
D:2 *


Innate Abilities, Weirdness & Mutations

You are surrounded by a mild repulsion field. (EV +2)
You sometimes gain a little power by taking damage.


Message History

You hit the quokka.
The quokka is almost dead.
The quokka closely misses you. The quokka bites you.
You hit the quokka.
You kill the quokka!
No target in view!
HP restored.
You now have 59 gold pieces (gained 14).
Found Mial's General Store.
A quokka comes into view.
The quokka twitches its whiskers.
You barely miss the quokka. The quokka bites you.
You hit the quokka.
The quokka is heavily wounded.
The quokka bites you.
You hit the quokka.
You kill the quokka!
No target in view!
There is an entrance to Mial's General Store here.
A frilled lizard comes into view.
The frilled lizard moves out of view.
A gnoll comes into view. It is wielding a +0 flail.
The gnoll shouts!
You hear a shout!
A gnoll comes into view. It is wielding a +0 flail.
The gnoll hits you with a +0 flail.
You hit the gnoll but do no damage. The gnoll hits you with a +0 flail!
You hit the gnoll.
The gnoll is moderately wounded.
The gnoll hits you with a +0 flail!
* * * LOW HITPOINT WARNING * * *
You focus on the pain.
You feel agile all of a sudden.
You hit the gnoll but do no damage.
The gnoll is moderately wounded.
The gnoll misses you.
The frilled lizard hisses angrily.
You hit the gnoll but do no damage.
The gnoll is moderately wounded.
The gnoll hits you with a +0 flail!
You die...

.# # ####l .# ....
.#... .... #g. #g#
#@# #.# #.# #.#.#
#.# # ...# ###.#
.#### #..# ##...##
....# ..###.....##
#...## #..#.......#
#.†.####..........#


You could see 2 gnolls and a frilled lizard.

Vanquished Creatures
  A dart slug (D:1)
  6 ball pythons
  3 endoplasms (D:1)
  A giant cockroach (D:1)
  A goblin (D:1)
  5 hobgoblins
  3 kobolds (D:1)
  2 quokkas (D:2)
  2 frilled lizards
  2 rats (D:1)
26 creatures vanquished.

Vanquished Creatures (others)
  3 fungi (D:1)
  5 plants (D:1)
8 creatures vanquished.

Grand Total: 34 creatures vanquished

Notes
Turn   | Place    | Note
-------+----------+-------------------------------------------
     0 | D:1      | being54 the Demonspawn Brigand began the quest for the Orb.
     0 | D:1      | Reached XP level 1. HP: 16/16 MP: 1/1
   254 | D:1      | Gained mutation: You are surrounded by a mild repulsion
                  | field. (EV +2) [demonic ancestry]
   254 | D:1      | Reached XP level 2. HP: 14/22 MP: 2/2
   467 | D:1      | Reached skill level 4 in Stealth
   638 | D:1      | Found a faded altar of an unknown god.
  1313 | D:2      | Gained mutation: You sometimes gain a little power by
                  | taking damage. [demonic ancestry]
  1313 | D:2      | Reached XP level 3. HP: 28/28 MP: 3/3
  1375 | D:2      | Found Mial's General Store.
  1429 | D:2      | Slain by a gnoll

Illustrated notes

Levels and vault maps discovered:
D:1:      saegor_arrival_under_anarchy, layout_basic,
          dreamdust_ecumenical_altar_grove, chequers_serial_rivers_micro_c,
          kennysheep_small_spiral
D:2:      layout_rooms, serial_shops, nicolae_shop_advertising_works
          [nicolae_subvault_shop_adworks], nicolae_diamond_shop, shop,
          roderic_serpentine_path

Skill      XL: |  1  2 |
---------------+-------+-----
Stealth        | 4 |  4.3
Short Blades   | 2 |  2.0
Fighting       | |  2.4
Throwing       | |  1.8
Dodging        | |  0.9

Action                   || total
-------------------------++-------
Melee: Dagger            ||    67
       Punch             ||     2
 Stab: Sleeping          ||     6
Armor: Robe              ||     3
Dodge: Dodged            ||    31

Table legend: (Time is in decaauts)
 A = Elapsed time spent in this place.
 B = Non-inter-level travel time spent in this place.
 C = Inter-level travel time spent in this place.
 D = Time resting spent in this place.
 E = Time spent auto-exploring this place.
 F = Levels seen in this place.
 G = Mean time per level.
                   A        B        C        D        E       F      G
               +--------+--------+--------+--------+--------+-----+--------+
         Total |   1422 |   1403 |     19 |    135 |   1092 |   2 |  711.0 |
       Dungeon |   1422 |   1403 |     19 |    135 |   1092 |   2 |  711.0 |
               +--------+--------+--------+--------+--------+-----+--------+

Top non-repeatable levels by time:
     D:1: 1298 daAuts
     D:2: 124 daAuts
